 Dungeon Crawl Stone Soup version 0.30.1-9-gdf580d7c3d (webtiles) character file.

Game seed: 6458432960754352942

102 KittyFluff the Cudgeller (level 4, -3/43 HPs)
             Began as a Gargoyle Berserker on Oct 7, 2023.
             Was a Believer of Trog.
             Killed from afar by Grinder (14 damage)
             ... with a bolt of dispelling energy
             ... while paralysed by Grinder
             ... on level 3 of the Dungeon.
             The game lasted 00:06:54 (1817 turns).

KittyFluff the Cudgeller (Gargoyle Berserker)       Turns: 1817, Time: 00:06:54

Health: -3/43      AC:  7    Str: 23    XL:     4   Next: 78%
Magic:  4/4        EV:  2    Int:  7    God:    Trog [**....]
Gold:   78         SH:  0    Dex:  9    Spells: 3/3 levels left

rFire   . . .        a - +0 mace
rCold   . . .        (no shield)
rNeg    + . .        j - +0 leather armour
rPois   ∞            (no helmet)
rElec   +            (no cloak)
rCorr   .            (no gloves)
SInv    .            (no boots)
Will    .....        (no amulet) Stlth
                     (no ring)
HPRegen 0.27/turn    (no ring)
MPRegen 0.09/turn

%: no passive effects
@: paralysed, berserking (expiring)
A: sickness immunity, AC +3, negative energy resistance 1, electricity
resistance, torment resistance 1, petrification resistance
a: Renounce Religion, Berserk, Trog's Hand


You were on level 3 of the Dungeon.
You worshipped Trog.
Trog was pleased with you.
You visited 1 branch of the dungeon, and saw 3 of its levels.

You collected 78 gold pieces.

Inventory:

Hand Weapons
 a - a +0 mace (weapon)
Missiles
 c - a poisoned dart (quivered)
 g - 6 javelins
 h - 2 boomerangs
Armour
 j - a +0 leather armour (worn)
Jewellery
 b - an amulet of magic regeneration
Scrolls
 d - 5 scrolls of identify {unknown}
 e - a scroll of fear {unknown}
 f - a scroll of fog {unknown}
 i - 2 scrolls of teleportation {unknown}
 m - a scroll of amnesia {unknown}
 p - 3 scrolls of noise {unknown}
Potions
 k - a potion of curing {unknown}
 l - a potion of ambrosia {unknown}
 n - a potion of attraction {unknown}
 o - 2 potions of flight {unknown}


   Skills:
 + Level 3.8 Fighting
 * Level 3.9 Maces & Flails
 * Level 3.4 Armour
 + Level 2.1 Dodging


You had 3 spell levels left.
You didn't know any spells.
Your spell library was empty.

Dungeon Overview and Level Annotations

Branches:
Dungeon (3/15)

Altars:

Annotations:
D:3 Grinder


Innate Abilities, Weirdness & Mutations

You are immune to sickness and miasma.
Your stone body is resilient. (AC +3)
You are immune to poison.
You resist negative energy. (rN+)
You are resistant to electric shocks. (rElec)
You are resistant to unholy torment.
You are immune to petrification.


Message History

Press: ? - help, Q - select action, (/) - cycle Shift-Dir - straight line, f/p - Grinder
Aim: Grinder, carrying a wand of quicksilver (3) (50% to hit)
You throw a poisoned dart.
The poisoned dart closely misses Grinder.
A red film seems to cover your vision as you go berserk!
You feel yourself moving faster!
You feel mighty! Grinder gestures at you.
You suddenly lose the ability to move!
Grinder hits you but does no damage.
You can move again.
You closely miss Grinder. Grinder hits you but does no damage.
You closely miss Grinder. Grinder gestures at you.
You barely resist. You hit Grinder.
Grinder is lightly wounded.
Grinder hits you!
You writhe in agony.
You barely miss Grinder.
Grinder is lightly wounded.
Grinder zaps a wand.
The bolt of dispelling energy misses you.
You sock Grinder!
Grinder is moderately wounded.
Grinder gestures at you.
You suddenly lose the ability to move!
The jackal bites you but does no damage.
Grinder gestures at you.
You shrug off the repeated paralysis!
The jackal bites you. x2
* * * LOW HITPOINT WARNING * * *
Grinder gestures at you.
You barely resist. The jackal bites you.
* * * LOW HITPOINT WARNING * * *
Grinder barely misses you. The jackal barely misses you.
The jackal bites you but does no damage.
Grinder zaps a wand.
The bolt of dispelling energy hits you!
Your magical effects are unravelling.
You die...

#..........#
######........##
#...............
####.#####.....####
#....# #..#......
#....# #..####...
#.##.# #..# ##
#.#.h#####...# #
#.5@.........
#(#####........ #.
#.#..##### #.
#.#..# .. ..#..# #.
##.#..# ### .. #.
.. .. .. #.
####.##.


You could see Grinder and a jackal.

Vanquished Creatures
  Jessica (D:2)
  3 adders (D:2)
  A worm (D:2)
  A dart slug (D:1)
  4 orcs (D:3)
  2 ball pythons
  An endoplasm (D:2)
  A giant cockroach (D:2)
  4 goblins
  4 hobgoblins
  7 jackals
  2 quokkas (D:2)
  3 bats
  2 kobolds (D:1)
  5 rats
41 creatures vanquished.

Notes
Turn   | Place    | Note
-------+----------+-------------------------------------------
     0 | D:1      | KittyFluff the Gargoyle Berserker began the quest for the
                  | Orb.
     0 | D:1      | Reached XP level 1. HP: 14/14 MP: 1/1
    36 | D:1      | You fall into a shaft and drop 1 floor!
   271 | D:1      | Reached XP level 2. HP: 17/19 MP: 2/2
   862 | D:2      | Reached XP level 3. HP: 23/23 MP: 3/3
   991 | D:2      | Noticed Jessica
  1007 | D:2      | Killed Jessica
  1008 | D:2      | Reached XP level 4. HP: 23/29 MP: 4/4
  1307 | D:2      | Reached ** piety under Trog
  1801 | D:3      | Noticed Grinder
  1807 | D:3      | Paralysed by Grinder for 2 turns
  1813 | D:3      | Paralysed by Grinder for 5 turns
  1817 | D:3      | Killed from afar by Grinder

Illustrated notes

Levels and vault maps discovered:
D:1:      ldierk_walled_garden, layout_loops_cross
D:2:      layout_loops_corners, uniq_jessica
D:3:      layout_loops_ring, uniq_robin, uniq_grinder

Skill      XL: |  1  2  3 |
---------------+----------+-----
Armour         | 3 |  3.4
Dodging        | 2 |  2.1
Fighting       | |  3.8
Maces & Flails | |  3.9

Action                     |  1- 3 |  4- 6 || total
---------------------------+-------+-------++-------
  Melee: Mace              |    97 |   109 ||   206
  Throw: Dart              |       |     2 ||     2
 Invoke: Berserk           |     1 |     1 ||     2
 Armour: Animal skin       |    38 |       ||    38
         Leather armour    |       |    51 ||    51
  Dodge: Dodged            |    62 |    73 ||   135
